Map: [ESL] Babylon

Players

Krystianer - Winner!

  • Race: Protoss Protoss
  • Spawn Location: 5:00

Spatz

  • Race: Protoss Protoss
  • Spawn Location: 11:00

Event: ESL SC2 Masters 2023 Summer (Regionals)

VOD

Have the link to the VOD?

Description

Time

  • Played on: May 13, 2023, 9:37 a.m.
  • Length: 10:35

All games in this series

Show
View Real Time Build Order
Export as new Build Order

Krystianer Protoss - Winner!

Build Orders:  

Get SALT Encoding   

  12  0:00  Probe  
  13  0:12  Probe  
  14  0:16  Pylon  
  14  0:24  Probe (Chrono Boost)  
  16  0:36  Probe (Chrono Boost)  
  16  0:37  Gateway  
  16  0:42  Probe (Chrono Boost)  
  16  0:46  Assimilator  
  17  0:50  Probe  
  17  0:55  Assimilator  
  18  1:03  Probe (Chrono Boost)  
  19  1:08  Gateway  
  19  1:12  Probe (Chrono Boost)  
  19  1:17  Probe (Chrono Boost)  
  20  1:24  Cybernetics Core  
  21  1:29  Probe  
  22  1:35  Pylon  
  22  1:41  Probe  
  23  1:53  Probe  
  18  2:01  Adept  
  25  2:05  Probe  
  25  2:06  Adept  
  28  2:08  Robotics Facility  
  28  2:11  Warp Gate  
  28  2:19  Pylon  
  29  2:26  Shield Battery  
  29  2:28  Probe  
  29  2:33  Stalker  
  31  2:40  Stalker  
  31  2:43  Probe  
  34  2:56  Warp Prism (Chrono Boost)  
  36  3:07  Shield Battery  
  35  3:16  Probe  
  35  3:19  Pylon  
  34  3:31  Immortal (Chrono Boost)  
  38  3:44  Probe  
  39  3:48  Pylon  
  39  3:59  Sentry x2  
  43  4:10  Immortal (Chrono Boost)  
  47  4:19  Probe  
  43  4:34  Adept x2  
  47  4:43  Immortal (Chrono Boost)  
  49  4:53  Probe  
  48  5:03  Adept, Sentry  
  52  5:08  Pylon  
  50  5:14  Probe  
  50  5:28  Probe  
  50  5:32  Stalker x2  
  54  5:42  Observer  
  55  5:46  Probe  
  56  5:58  Stalker x2  
  60  6:15  Nexus  
  60  6:26  Probe  
  60  6:27  Pylon  
  61  6:38  Probe (Chrono Boost)  
  62  6:47  Twilight Council  
  62  6:50  Probe (Chrono Boost)  
  63  6:56  Probe (Chrono Boost)  
  64  7:04  Probe  
  65  7:11  Stalker, Sentry  
  65  7:15  Shield Battery  
  69  7:16  Probe  
  70  7:26  Immortal (Chrono Boost)  
  74  7:30  Pylon  
  74  7:35  Blink (Chrono Boost)  
  74  7:41  Sentry  
  74  7:42  Adept  
  78  7:52  Shield Battery  
  78  8:05  Adept  
  78  8:06  Adept  
  78  8:07  Probe x2  
  78  8:11  Robotics Bay  
  84  8:16  Pylon  
  84  8:25  Probe  
  84  8:27  Probe  
  84  8:33  Stalker  
  86  8:37  Pylon  
  86  8:38  Assimilator, Shield Battery  
  87  8:55  Probe  
  87  8:59  Probe  
  87  9:00  Stalker x2  
  88  9:06  Gateway, Observer (Chrono Boost)  
  88  9:08  Probe, Gateway  
  90  9:18  Assimilator  
  90  9:23  Disruptor (Chrono Boost)  
  93  9:28  Pylon  
  93  9:29  Pylon  
  93  9:48  Disruptor (Chrono Boost)  
  93  9:50  Stalker x2  
  100  10:00  Stalker  
  102  10:16  Probe  
  102  10:21  Stalker x3  
Show
View Real Time Build Order
Export as new Build Order

Spatz Protoss 

Build Orders:  

Get SALT Encoding   

  12  0:00  Probe  
  13  0:12  Probe  
  14  0:17  Pylon  
  14  0:24  Probe (Chrono Boost)  
  16  0:36  Probe (Chrono Boost)  
  16  0:38  Gateway  
  16  0:43  Probe (Chrono Boost)  
  16  0:47  Assimilator  
  17  0:51  Probe  
  17  0:54  Assimilator  
  18  1:03  Probe (Chrono Boost)  
  19  1:08  Gateway  
  19  1:12  Probe (Chrono Boost)  
  19  1:17  Probe (Chrono Boost)  
  20  1:24  Cybernetics Core  
  21  1:29  Probe  
  22  1:36  Pylon  
  22  1:45  Probe  
  23  2:00  Adept  
  23  2:01  Adept  
  27  2:04  Robotics Facility  
  27  2:06  Probe  
  28  2:13  Warp Gate  
  28  2:17  Pylon  
  28  2:33  Stalker  
  28  2:35  Stalker  
  31  2:48  Immortal (Chrono Boost)  
  35  3:00  Shield Battery  
  31  3:20  Warp Prism (Chrono Boost)  
  31  3:22  Gateway  
  33  3:36  Probe  
  33  3:38  Pylon  
  34  3:49  Immortal  
  38  4:04  Zealot  
  38  4:05  Stalker  
  37  4:32  Probe, Immortal (Chrono Boost)  
  42  4:41  Sentry  
  44  4:47  Stalker  
  40  5:02  Pylon  
  40  5:04  Probe  
  41  5:18  Probe  
  42  5:30  Probe  
  43  5:38  Immortal (Chrono Boost)  
  43  5:42  Probe  
  48  5:51  Pylon  
  48  5:54  Probe  
  49  6:02  Pylon  
  45  6:15  Probe  
  45  6:16  Robotics Facility  
  46  6:27  Probe  
  47  6:33  Adept x2  
  51  6:42  Probe  
  51  6:44  Pylon  
  52  7:00  Adept x3  
  62  7:21  Adept x3  
  64  7:36  Immortal  
  68  7:43  Sentry  
  68  7:44  Sentry  
  70  7:46  Adept  
  72  8:08  Adept x3  
  78  8:14  Pylon  
  68  8:42  Nexus  
  68  8:48  Probe (Chrono Boost)  
  67  9:00  Probe (Chrono Boost)  
  56  9:08  Probe (Chrono Boost)  
  55  9:11  Sentry x2  
  55  9:15  Immortal  
  55  9:16  Probe (Chrono Boost)  
  60  9:21  Probe (Chrono Boost)  
  61  9:32  Probe (Chrono Boost)  
  61  9:35  Observer  
  63  9:40  Probe (Chrono Boost)  
  64  9:47  Probe, Twilight Council  
  65  10:05  Probe  
  54  10:10  Probe  
  51  10:17  Probe  
  50  10:22  Probe, Sentry x3  
  50  10:25  Assimilator  
  50  10:26  Assimilator  
Tags
 
Add a new tag
Caveats
  • Supply blocks, unpowered buildings, or Contaminate may cause inaccurate times.
  • Supply counts are checked every 10 seconds.